 Dungeon Crawl Stone Soup version 0.29-a0-838-g385bb11a5b (webtiles) character file.

Game seed: 16250385747100406819

62 purpskrrrp the Sneak (level 4, 0/21 HPs)
             Began as a Vine Stalker Enchanter on July 13, 2022.
             Succumbed to a goblin's poison
             ... on level 2 of the Dungeon.
             The game lasted 00:04:02 (1745 turns).

purpskrrrp the Sneak (Vine Stalker Enchanter)       Turns: 1745, Time: 00:04:02

Health: 0/21       AC:  2    Str: 11    XL:     4   Next: 8%
Magic:  1/8        EV: 12    Int: 15    God:
Gold:   30         SH:  0    Dex: 16    Spells: 7/7 levels left

rFire   . . .      SeeInvis .   a - +1 dagger
rCold   . . .      Faith    .   (no shield)
rNeg    . . .      Spirit   +   b - +0 robe
rPois   .          Reflect  .   (no helmet)
rElec   .          Harm     .   (no cloak)
rCorr   .          Rampage  .   (no gloves)
Will    .....                   (no boots)
Stlth   +++.......              (no amulet)
HPRegen 0.87/turn               (no ring)
MPRegen 0.11/turn               (no ring)

@: lethally poisoned (0 -> -9), invisible
A: fangs 2, regeneration 1, magic shield, antimagic bite, no potion heal 2
a: no special abilities


You were on level 2 of the Dungeon.
You visited 1 branch of the dungeon, and saw 2 of its levels.

You collected 30 gold pieces.

Inventory:

Hand Weapons
 a - a +1 dagger (weapon)
Armour
 b - a +0 robe (worn)
Scrolls
 d - a scroll of enchant weapon {unknown}
 e - a scroll of poison {unknown}
Potions
 f - a potion of mutation {unknown}
 g - a potion of curing {unknown}


   Skills:
 + Level 1.5 Short Blades
 - Level 1.5 Dodging
 * Level 5.8 Stealth
 - Level 2.1 Spellcasting
 - Level 3.0 Hexes


You had 7 spell levels left.
You didn't know any spells.
Your spell library contained the following spells:

 Spells                   Type           Power      Damage    Failure   Level
 Ensorcelled Hibernation  Hex/Ice        12%        N/A       19%         2
 Confusing Touch          Hex            10%        N/A       19%         3
 Tukima's Dance           Hex            10%        N/A       19%         3
 Dazzling Flash           Conj/Hex       12%        N/A       34%         3
 Conjure Flame            Conj/Fire      1%         6-21      54%         3
 Ignite Poison            Fire/Tmut/Pois 1%         N/A       54%         3
 Sticky Flame             Conj/Fire      1%         2d3       91%         4


Dungeon Overview and Level Annotations

Branches:
Dungeon (2/15)

Altars:
Yredelemnul


Innate Abilities, Weirdness & Mutations

You have extremely sharp teeth.
Your natural rate of healing is unusually fast.
When hurt, damage is shared between your health and your magic reserves.
Your bite disrupts and absorbs the magic of your enemies.
Potions cannot restore your health.


Message History

The gnoll shouts!
You hear a shout! x2
A goblin comes into view. It is wielding a +0 dagger of venom.
A gnoll comes into view. It is wielding a +0 spear.
The gnoll shouts!
A gnoll comes into view. It is wielding a +0 halberd.
The gnoll closely misses you.
The gnoll shouts!
You hit the gnoll. You bite the gnoll. You drain its power.
The gnoll is moderately wounded.
The gnoll barely misses you.
You hit the gnoll.
The gnoll is severely wounded.
The gnoll barely misses you. The gnoll closely misses you.
You closely miss the gnoll. You bite the gnoll. You drain its power.
The gnoll is almost dead.
You closely miss the gnoll.
The gnoll is almost dead.
The gnoll closely misses you.
The gnoll hits you from afar with a +0 spear.
You hit the gnoll but do no damage.
The gnoll is almost dead.
The gnoll closely misses you.
The gnoll hits you from afar with a +0 spear!
The endoplasm quivers.
You hit the gnoll.
You kill the gnoll!
The gnoll hits you from afar with a +0 spear!
* * * LOW HITPOINT WARNING * * *
You have reached level 4!
You feel stronger.
You begin to heal more quickly.
The goblin attacks as you move away!
The goblin hits you with a +0 dagger of venom.
* * * LOW HITPOINT WARNING * * *
You are poisoned.
You feel sick.
You fade into invisibility!
You feel sick. The goblin hits you but does no damage.
You are lethally poisoned!
You die...

#....# ... ...###.. # #....#
...........#####.. ###....##
#.##....#......... .##.....###
#.##.##.#........#.
..#.......###.#..##.#.........#
.................##.....[......
÷.#......#.....................
#.)....#..#..._...##.$........#
.[#....##.#.....@.ggg.J......##
.###.#..#.#......###..........#
...#.##.#.).#########..........
#....##.##..# #####.÷.##.......
###..##.....###.....#.# .......
##..##........#........#####.
##.##..#..####........#
#.....##....#..........
##..#.##......###....##.


You could see 2 gnolls, an endoplasm and a goblin (unable to see you).

Vanquished Creatures
  A gnoll (D:2)
  2 adders (D:2)
  4 endoplasms (D:1)
  A giant cockroach (D:1)
  3 goblins
  A hobgoblin (D:2)
  3 jackals (D:1)
  4 kobolds
  2 quokkas (D:1)
  4 bats (D:1)
  A frilled lizard (D:2)
  4 rats (D:1)
30 creatures vanquished.

Notes
Turn   | Place    | Note
-------+----------+-------------------------------------------
     0 | D:1      | purpskrrrp the Vine Stalker Enchanter began the quest for
                  | the Orb.
     0 | D:1      | Reached XP level 1. HP: 9/9 MP: 4/4
    38 | D:1      | Reached skill level 4 in Stealth
   154 | D:1      | Reached XP level 2. HP: 8/13 MP: 4/6
   712 | D:1      | Reached skill level 1 in Short Blades
   743 | D:1      | Reached skill level 5 in Stealth
   801 | D:1      | Reached XP level 3. HP: 14/16 MP: 5/7
  1343 | D:2      | Found a basalt altar of Yredelemnul.
  1743 | D:2      | Gained mutation: Your natural rate of healing is unusually
                  | fast. [Vine Stalker growth]
  1743 | D:2      | Reached XP level 4. HP: 5/21 MP: 1/8
  1745 | D:2      | Succumbed to a goblin's poison

Illustrated notes

Levels and vault maps discovered:
D:1:      minmay_arrival_doors, layout_basic, grunt_decor_mini_mirrors,
          minivault_23, st_stairs_14
D:2:      layout_rooms, basic_altar, minmay_misc_feat_diagonals,
          minmay_pentomino_r2

Skill      XL: |  1  2 |
---------------+-------+-----
Stealth        | 4 5 |  5.8
Short Blades   | 1 |  1.5
Dodging        | |  1.5
Spellcasting   | |  2.1
Hexes          | |  3.0

Action                   |  1- 3 |  4- 6 || total
-------------------------+-------+-------++-------
Melee: Dagger            |    91 |       ||    91
       Bite              |    20 |       ||    20
  Use: Potion            |     1 |     1 ||     2
 Stab: Sleeping          |    10 |       ||    10
       Invisible         |     1 |       ||     1
Armor: Robe              |    28 |     1 ||    29
Dodge: Dodged            |    73 |       ||    73

Table legend: (Time is in decaauts)
 A = Elapsed time spent in this place.
 B = Non-inter-level travel time spent in this place.
 C = Inter-level travel time spent in this place.
 D = Time resting spent in this place.
 E = Time spent auto-exploring this place.
 F = Levels seen in this place.
 G = Mean time per level.
                   A        B        C        D        E       F      G
               +--------+--------+--------+--------+--------+-----+--------+
         Total |   1740 |   1728 |     12 |    264 |   1135 |   2 |  870.0 |
       Dungeon |   1740 |   1728 |     12 |    264 |   1135 |   2 |  870.0 |
               +--------+--------+--------+--------+--------+-----+--------+

Top non-repeatable levels by time:
     D:1: 1237 daAuts
     D:2: 502 daAuts
